 Dungeon Crawl Stone Soup version 0.29-a0-334-gb41bcbb86e (webtiles) character file.

Game seed: 1419259508169966941

16 KateM the Chopper (level 2, -2/31 HPs)
             Began as an Ogre Gladiator on Apr 15, 2022.
             Slain by a scorpion (7 damage)
             ... on level 2 of the Dungeon.
             The game lasted 00:01:20 (964 turns).

KateM the Chopper (Ogre Gladiator)                   Turns: 964, Time: 00:01:20

Health: -2/31      AC:  3    Str: 17    XL:     2   Next: 54%
Magic:  2/2        EV: 10    Int:  9    God:
Gold:   26         SH:  0    Dex: 10    Spells: 1/1 levels left

rFire   . . .      SeeInvis .   a - +0 war axe
rCold   . . .      Faith    +   (no shield)
rNeg    . . .      Spirit   .   b - +0 robe
rPois   .          Reflect  .   c - +0 hat
rElec   .          Harm     .   (no cloak)
rCorr   .          Rampage  .   (gloves unavailable)
Will    .....                   (boots unavailable)
Stlth   +.........              l - amulet of faith
HPRegen 0.10/turn               (no ring)
MPRegen 0.08/turn               (no ring)

@: no status effects
A: large, unfitting armour, tough skin 1
a: no special abilities


You were on level 2 of the Dungeon.
You visited 1 branch of the dungeon, and saw 2 of its levels.

You collected 26 gold pieces.

Inventory:

Hand Weapons
 a - a +0 war axe (weapon)
Missiles
 d - 3 throwing nets (quivered)
 e - a large rock
Armour
 b - a +0 robe (worn)
 c - a +0 hat (worn)
Jewellery
 h - a ring of wizardry
 l - an amulet of faith (around neck)
Scrolls
 f - a scroll of torment {unknown}
Potions
 g - a potion of lignification {unknown}
 i - a potion of heal wounds {unknown}
 j - a potion of invisibility {unknown}
 k - a potion of attraction {unknown}


   Skills:
 + Level 3.1 Fighting
 * Level 3.4 Axes
 - Level 2.0 Throwing
 + Level 2.9 Dodging


You had one spell level left.
You didn't know any spells.
Your spell library was empty.

Dungeon Overview and Level Annotations

Branches:
Dungeon (2/15)

Altars:


Innate Abilities, Weirdness & Mutations

You are too large for most types of armour.
You have tough skin. (AC +1)


Message History

Found 25 stones.
No target in view!
You see here 25 stones.
A scorpion comes into view.
A scorpion is nearby!
A scorpion is nearby!
The scorpion barely misses you.
You hit the scorpion.
The scorpion is moderately wounded.
The scorpion stings you. The scorpion closely misses you.
You slash the scorpion!
The scorpion is severely wounded.
The scorpion misses you. The scorpion stings you.
You are poisoned.
The scorpion poisons you!
You hit the scorpion but do no damage.
The scorpion is heavily wounded.
You feel very sick.
The scorpion stings you but does no damage.
You completely miss the scorpion.
The scorpion is heavily wounded.
You feel sick. The scorpion barely misses you. The scorpion stings you!
You hit the scorpion.
The scorpion is severely wounded.
You feel sick. The scorpion misses you. The scorpion barely misses you.
You barely miss the scorpion.
The scorpion is severely wounded.
You feel sick. The scorpion barely misses you.
You closely miss the scorpion.
The scorpion is severely wounded.
You feel sick.
You are no longer poisoned.
The scorpion closely misses you. The scorpion stings you.
* * * LOW HITPOINT WARNING * * *
You closely miss the scorpion.
The scorpion is severely wounded.
The scorpion stings you.
* * * LOW HITPOINT WARNING * * *
The scorpion stings you!
You die...

.############.#
.# #.# .# #.#
.# #.#### .
#.(..# ####.#
#.# #.# #@# #s#
#.# #.# ..# ###


You could see a scorpion.

Vanquished Creatures
  An endoplasm (D:1)
  3 goblins (D:1)
  3 hobgoblins (D:1)
  A quokka (D:1)
  2 ball pythons
  2 bats (D:1)
  3 kobolds (D:1)
  A rat (D:1)
16 creatures vanquished.

Notes
Turn   | Place    | Note
-------+----------+-------------------------------------------
     0 | D:1      | KateM the Ogre Gladiator began the quest for the Orb.
     0 | D:1      | Reached XP level 1. HP: 22/22 MP: 1/1
   453 | D:1      | Reached XP level 2. HP: 29/29 MP: 2/2
   719 | D:1      | Found a faded altar of an unknown god.
   953 | D:2      | Noticed a scorpion
   964 | D:2      | Slain by a scorpion

Illustrated notes

Levels and vault maps discovered:
D:1:      pf_arrival_petrified_forest, layout_loops_ring,
          shapermc_ecumenical_altar_mp_highgroup, kennysheep_another_room,
          columned_hall_lemuel, st_stairs_7, roderic_serpentine_path
D:2:      layout_loops_ring

Skill      XL: |  1  2 |
---------------+-------+-----
Fighting       | 3 |  3.1
Axes           | |  3.4
Throwing       | |  2.0
Dodging        | |  2.9

Action                   || total
-------------------------++-------
Melee: War axe           ||    57
 Stab: Sleeping          ||     1
Armor: Robe              ||    20
Dodge: Dodged            ||    37

Table legend: (Time is in decaauts)
 A = Elapsed time spent in this place.
 B = Non-inter-level travel time spent in this place.
 C = Inter-level travel time spent in this place.
 D = Time resting spent in this place.
 E = Time spent auto-exploring this place.
 F = Levels seen in this place.
 G = Mean time per level.
                   A        B        C        D        E       F      G
               +--------+--------+--------+--------+--------+-----+--------+
         Total |    983 |    983 |      0 |      0 |    817 |   2 |  491.5 |
       Dungeon |    983 |    983 |      0 |      0 |    817 |   2 |  491.5 |
               +--------+--------+--------+--------+--------+-----+--------+

Top non-repeatable levels by time:
     D:1: 917 daAuts
     D:2: 66 daAuts
